AoeStats
← Křovák

MegaRandom

506395265Analyzed
1v1 RM · 20d ago on Sep 13, 2026· 81m 3s· 2 players
Game mode
Random Map
Map size
Tiny (2 player)
Population
200
Speed
Normal
Resources
Standard
Victory
Conquest
Starting age
Dark Age
Ending age
Imperial Age
RankedLock teamsTeams togetherTeam positionsShared explorationLock speedFull tech treeHidden civsTurbo modeCheats
Victory
Defeat
🇩🇪 Goths · Germany
786
+17
🇨🇿 Malians · Czechia
805
-17
pmohsky
1:18 Loom
10:20 Feudal Age
13:33 Horse Collar
14:47 Double-Bit Axe
21:21 Castle Age
22:13 Squires
21:33 Pikeman
24:07 Bow Saw
24:18 Gold Mining
24:41 Heavy Plow
27:46 Fletching
31:56 Forging
31:46 Scale Mail Armor
35:09 Imperial Age
33:09 Anarchy
35:29 Iron Casting
35:09 Chain Mail Armor
36:23 Elite Huskarl
36:32 Capped Ram
39:02 Two-Man Saw
42:01 Conscription
43:03 Blast Furnace
41:50 Halberdier
44:07 Perfusion
45:33 Onager
53:40 Man-at-Arms
54:06 Long Swordsman
54:39 Two-Handed Swordsman
55:55 Champion
Křovák
8:56 Loom
10:41 Feudal Age
15:32 Castle Age
14:01 Double-Bit Axe
14:23 Horse Collar
17:46 Bow Saw
20:01 Crossbowman
23:14 Fletching
23:25 Padded Archer Armor
35:33 Imperial Age
32:51 Town Watch
33:41 Wheelbarrow
35:23 Leather Archer Armor
37:08 Farimba
39:09 Chemistry
38:06 Murder Holes
38:58 Heavy Plow
39:28 Forging
39:14 Bodkin Arrow
40:30 Arbalester
41:17 Thumb Ring
43:07 Gold Mining
43:08 Stone Mining
45:53 Tigui
46:29 Hoardings
46:15 Conscription
48:05 Ballistics
47:26 Treadmill Crane
54:49 Iron Casting
54:20 Scale Barding Armor
55:02 Cavalier
55:42 Husbandry
Connection lost

Rejoining the realm…

Still unreachable

The connection could not be restored.

Session expired

The server has moved on; the page needs a fresh start.